 Dungeon Crawl Stone Soup version 0.27-a0-1456-gf5a116941d (webtiles) character file.

Game seed: 1511482387676555131

695 wesbby the Cleaver (level 7, -2/64 HPs)
             Began as a Minotaur Berserker on July 6, 2021.
             Was a Believer of Trog.
             Slain by a hornet (8 damage)
             ... while paralysed by a hornet
             ... on level 4 of the Dungeon.
             The game lasted 00:08:14 (3310 turns).

wesbby the Cleaver (Minotaur Berserker)             Turns: 3310, Time: 00:08:15

Health: -2/64      AC:  3    Str: 23    XL:     7   Next: 37%
Magic:  6/6        EV:  2    Int: 10    God:    Trog [**....]
Gold:   79         SH:  0    Dex: 10    Spells: 6/6 levels left

rFire    . . .     SeeInvis .   f - +4 hand axe
rCold    + . .     Faith    .   (no shield)
rNeg     . . .     Spirit   .   d - +0 leather armour {rC+}
rPois    .         Reflect  .   (helmet restricted)
rElec    .         Harm     .   (no cloak)
rCorr    .         Rampage  .   (no gloves)
Will     .....                  (no boots)
Stlth    +.........             g - amulet of regeneration
HPRegen  1.20/turn              o - +6 ring of intelligence
MPRegen  0.10/turn              (no ring)

@: paralysed, lethally poisoned (-2 -> -2), slowed
A: horns 2, retaliatory headbutt
a: Renounce Religion, Berserk, Trog's Hand


You were on level 4 of the Dungeon.
You worshipped Trog.
Trog was pleased with you.
You visited 1 branch of the dungeon, and saw 4 of its levels.

You collected 79 gold pieces.

Inventory:

Hand Weapons
 a - a +0 hand axe
 f - a +4 hand axe (weapon)
 k - a +0 rapier of speed
Missiles
 j - 7 boomerangs (quivered)
Armour
 b - a +0 animal skin
 d - a +0 leather armour of cold resistance (worn)
 m - a +0 scale mail
Jewellery
 g - an amulet of regeneration (around neck)
 o - a +6 ring of intelligence (left hand)
 p - a ring of protection from fire
Scrolls
 e - 3 scrolls of immolation
 h - a scroll of silence {unknown}
 q - a scroll of identify
Potions
 c - a potion of degeneration {unknown}
 i - a potion of heal wounds
 l - a potion of attraction
 n - a potion of lignification {unknown}


   Skills:
 * Level 6.3 Fighting
 * Level 8.3 Axes
 + Level 0.5 Throwing
 + Level 3.0 Armour
 + Level 3.3 Dodging


You had 6 spell levels left.
You didn't know any spells.
Your spell library was empty.

Dungeon Overview and Level Annotations

Branches:
Dungeon (4/15)
 Temple: D:4-7

Altars:
Cheibriados
Fedhas

Shops:
D:1 *?(


Innate Abilities, Weirdness & Mutations

You have a pair of horns on your head.
You reflexively headbutt those who attack you in melee.


Message History

Trog accepts your kill.
HP restored.
Things that are here:
a ball python corpse; an iguana corpse
Found 5 gold pieces.
You now have 79 gold pieces (gained 5).
You open the door.
There is an open door here.
You see here 19 stones.
A hornet comes into view.
The hornet buzzes angrily.
The hornet stings you!
You feel yourself slow down.
You hit the hornet.
The hornet is lightly wounded.
The hornet closely misses you. You furiously retaliate!
You headbutt the hornet, but do no damage.
The hornet stings you.
You feel as though you will be slow longer.
You barely miss the hornet.
You headbutt the hornet, but do no damage.
The hornet is lightly wounded.
The hornet closely misses you. The hornet stings you!
You feel as though you will be slow longer.
You slash the hornet!
The hornet is moderately wounded.
The hornet closely misses you. The hornet stings you!
You are poisoned.
You feel as though you will be slow longer.
You hit the hornet but do no damage. You headbutt the hornet!
The hornet is heavily wounded.
You feel very sick. The hornet stings you!
* * * LOW HITPOINT WARNING * * *
You suddenly lose the ability to move!
The hornet stings you but does no damage.
You feel sick. The hornet stings you!
* * * LOW HITPOINT WARNING * * *
You feel as though you will be slow longer.
You feel sick. The hornet stings you!
You die...

.................#..##..##.
#..##.#######.#.###.##..(..
#.. #.#######.#.# #..#..##.
###. #.......#.#.# ##.#..##.
.....##.......#.#.####....##.
.........(....'..........(...
###..##.......#.#.###.#...##.
#..#................#...##.
..........y@...........>.##.
.............#.#.###.##..##.
..........#.#.#.#.# #.##.....
.................[###.###.##.
#.#.................#.###.##.
.......<.....<#.#####........
.##.##...#.#.#.# #.###.##. #.
#.......#.#####.###.##
.....................#


You could see a hornet.

Vanquished Creatures
  Eustachio (D:4)
  2 black bears
  An ogre (D:4)
  2 hounds (D:4)
  An orc priest (D:4)
  Terence (D:3)
  Jessica (D:2)
  An iguana (D:4)
  3 gnolls (D:4)
  2 adders (D:2)
  2 worms
  3 dart slugs
  3 orcs (D:4)
  5 ball pythons
  A bat (D:2)
  9 endoplasms
  A giant cockroach (D:2)
  5 goblins
  2 hobgoblins (D:1)
  2 jackals (D:4)
  9 kobolds
  5 quokkas
  2 frilled lizards
  6 rats
70 creatures vanquished.

Notes
Turn   | Place    | Note
-------+----------+-------------------------------------------
     0 | D:1      | wesbby the Minotaur Berserker began the quest for the Orb.
     0 | D:1      | Reached XP level 1. HP: 19/19 MP: 0/0
   150 | D:1      | Reached XP level 2. HP: 24/27 MP: 1/1
   196 | D:1      | Reached skill level 4 in Axes
   278 | D:1      | Found Nausit's General Store.
   322 | D:1      | Found Retegorgh's Magic Scroll Emporium.
   478 | D:1      | Found Wisuf's Antique Weapon Shop.
  1177 | D:2      | Reached XP level 3. HP: 23/33 MP: 2/2
  1405 | D:2      | Noticed Jessica
  1427 | D:2      | Killed Jessica
  1428 | D:2      | Reached XP level 4. HP: 41/41 MP: 3/3
  1504 | D:2      | Reached skill level 5 in Axes
  1651 | D:2      | Reached ** piety under Trog
  2423 | D:3      | Found a blossoming altar of Fedhas.
  2442 | D:3      | Noticed Terence
  2456 | D:3      | Killed Terence
  2781 | D:4      | Noticed a black bear
  2793 | D:3      | Killed a black bear
  2794 | D:3      | Reached skill level 5 in Fighting
  2794 | D:3      | Reached skill level 6 in Axes
  2794 | D:3      | Reached XP level 5. HP: 38/48 MP: 4/4
  2883 | D:4      | Noticed a black bear
  2900 | D:4      | Killed a black bear
  2901 | D:4      | Reached XP level 6. HP: 56/56 MP: 5/5
  2958 | D:4      | Reached skill level 7 in Axes
  2966 | D:4      | Noticed Eustachio
  3005 | D:4      | Killed Eustachio
  3006 | D:4      | Reached XP level 7. HP: 55/63 MP: 6/6
  3036 | D:4      | Reached skill level 8 in Axes
  3162 | D:4      | Found a snail-covered altar of Cheibriados.
  3298 | D:4      | Noticed a hornet
  3308 | D:4      | Paralysed by a hornet for 3 turns
  3310 | D:4      | Slain by a hornet

Illustrated notes

Levels and vault maps discovered:
D:1:      lightli_molten_gateway, layout_loops_cross, serial_shops,
          nicolae_square_shop, shop, shop, corexii_hall_statues_l
D:2:      layout_basic, serial_park_tiny_2, minmay_split_cup_large, uniq_jessica
D:3:      layout_loops_ring, old_standard_altar, uniq_terence
D:4:      layout_basic, cheibriados_altar_1, uniq_eustachio

Skill      XL: |  1  2  3  4  5  6  7 |
---------------+----------------------+-----
Axes           | 4 6 7 8 |  8.3
Fighting       | 4 5 6 |  6.3
Dodging        | 3 |  3.3
Armour         | 3 |  3.0
Throwing       | |  0.5

Action                   |  1- 3 |  4- 6 |  7- 9 || total
-------------------------+-------+-------+-------++-------
Melee: Hand axe          |    43 |    85 |     9 ||   137
       Headbutt          |     7 |    15 |     3 ||    25
Throw: Boomerang         |       |     4 |       ||     4
Invok: Berserk           |     1 |     4 |     1 ||     6
       Trog's Hand       |       |     1 |       ||     1
  Use: Scroll            |     2 |     1 |       ||     3
       Potion            |       |     1 |       ||     1
 Stab: Sleeping          |     2 |     1 |       ||     3
Armor: Animal skin       |     4 |       |       ||     4
       Leather armour    |       |    17 |     1 ||    18
Dodge: Dodged            |    17 |    56 |     4 ||    77

Table legend: (Time is in decaauts)
 A = Elapsed time spent in this place.
 B = Non-inter-level travel time spent in this place.
 C = Inter-level travel time spent in this place.
 D = Time resting spent in this place.
 E = Time spent auto-exploring this place.
 F = Levels seen in this place.
 G = Mean time per level.
                   A        B        C        D        E       F      G
               +--------+--------+--------+--------+--------+-----+--------+
         Total |   3376 |   2929 |    447 |     16 |   2332 |   4 |  844.0 |
       Dungeon |   3376 |   2929 |    447 |     16 |   2332 |   4 |  844.0 |
               +--------+--------+--------+--------+--------+-----+--------+

Top non-repeatable levels by time:
     D:1: 1147 daAuts
     D:2: 995 daAuts
     D:3: 697 daAuts
     D:4: 536 daAuts
